Cogmind - Beta 16.1 @@@ ROGUE MODE // 2026.04.08 @ 20:39:01 Player: microsand Result: Destroyed by FU-5BR(R) with Subdweller Shrapnel Launcher Performance ------------- Evolutions (0) 0 Regions Visited (3) 600 Robots Destroyed (11) 55 Value Destroyed (228) 228 Prototype IDs (0) 0 Alien Tech Used (0) 0 Bonus (-149) -149 TOTAL SCORE: 734 Bonus ------- Friendly Fire -149 Cogmind --------- Core Integrity 0/250 Matter 300/300 Energy 18/240 System Corruption 0% Temperature Cool (0) Movement Walking (120) Location -10/Subcaves Parts ------- > --- POWER (1) -------- Nuclear Core > --- PROPULSION (2) --- Aluminum Leg > --- UTILITY (2) ------ Advanced Weight Redist. System Seismic Detector > --- WEAPON (2) ------- EM Pulse Gun EM Pulse Cannon > --- INVENTORY (5) ---- Light Ion Engine Light Ion Engine Small Storage Unit EM Pulse Gun Peak State ------------ > --- POWER ------------ Nuclear Core > --- PROPULSION ------- Aluminum Leg Aluminum Leg > --- UTILITY ---------- Advanced Weight Redist. System Seismic Detector > --- WEAPON ----------- EM Pulse Gun EM Pulse Cannon > --- INVENTORY -------- Light Ion Engine Light Ion Engine Small Storage Unit EM Pulse Gun [Rating: 13] Favorites ----------- Power Light Ion Engine Engine Light Ion Engine Power Core Nuclear Core Propulsion Aluminum Leg Leg Aluminum Leg Utility Seismic Detector Device Seismic Detector Storage Small Storage Unit Weapon EM Pulse Gun Energy Gun EM Pulse Gun Energy Cannon EM Pulse Cannon Build | -11 -10 -10 -10 ------- Run | Yrd Mat Min Sub Slots Evolved . | . . . . Power . | . . . . Propulsion . | . . . . Utility . | . . . . Weapon . | . . . . Parts Attached 10 | 7 . 3 . Power 2 | 1 . 1 . Engine 1 | 1 . . . Core 1 | . . 1 . Reactor . | . . . . Propulsion 2 | 2 . . . Treads . | . . . . Leg 2 | 2 . . . Wheel . | . . . . Hover . | . . . . Flight . | . . . . Utility 3 | 2 . 1 . Device 2 | 1 . 1 . Storage 1 | 1 . . . Processor . | . . . . Hackware . | . . . . Protection . | . . . . Artifact . | . . . . Weapon 3 | 2 . 1 . Energy Gun 2 | 2 . . . Energy Cannon 1 | . . 1 . Ballistic Gun . | . . . . Ballistic Cannon . | . . . . Launcher . | . . . . Special Weapon . | . . . . Impact Weapon . | . . . . Slashing Weapon . | . . . . Piercing Weapon . | . . . . Special Melee Weapon . | . . . . Unidentified Prototypes . | . . . . Parts Lost 1 | . . . 1 Power . | . . . . Propulsion 1 | . . . 1 Utility . | . . . . Weapon . | . . . . Highest Loss Streak 1 | . . . 1 To Critical Strikes . | . . . . Average Backups 2 | 1 1 1 4 Power 1 | . 1 1 2 Propulsion . | . . . . Utility . | . . . 1 Weapon . | . . . 1 Tool/Special . | . . . . Unused Backups 1 | . . . 1 Power 1 | . . . 1 Propulsion . | . . . . Utility . | . . . . Weapon . | . . . . Tool/Special . | . . . . Average Slot Usage (%) 98 | . 100 99 96 Engine 7 | . 14 12 . Core 7 | . . 1 14 Leg 27 | . 28 28 25 Device 20 | . 14 15 26 Storage 7 | . 14 12 . Energy Gun 20 | . 28 26 13 Energy Cannon 7 | . . 1 14 Peak Build Rating 13 | 7 7 13 13 Average Rating 9 | 4 7 7 12 On Entrance 6 | . 7 7 13 Avg Prop Armor Cover (%) . | . . . . Naked Turns . | . . . . Heaviest Build 17 | 13 13 17 16 Greatest Support 29 | 20 20 29 29 Greatest Overweight (x) 1 | . . . 1 Average Overweight (x) . | . . . . Largest Inventory Capacity 8 | 8 8 8 5 Average Capacity 6 | 5 8 7 5 Most Carried 5 | 4 1 5 5 Average Carried 2 | 1 1 1 4 Final Capacity 8 | 8 8 5 5 Final Carried 4 | 1 1 4 4 Class Distribution -------------------- 100% | Mutant Dominant Class ---------------- Mutant | -10/Materials Mutant | -10/Mines Mutant | -10/Subcaves Resources | -11 -10 -10 -10 ----------- Run | Yrd Mat Min Sub Matter Collected 350 | 270 . . 80 Remotely . | . . . . Salvage Created 421 | 132 . 151 138 Parts 31 | 14 . 10 7 Haulers Intercepted . | . . . . Recyclers Shooed . | . . . . Parts Field Recycled . | . . . . Retrieved Matter . | . . . . Parts Self-Destructed 4 | . . . 4 Prevented . | . . . . Parts Restored . | . . . . Kills | -11 -10 -10 -10 ------- Run | Yrd Mat Min Sub Combat Hostiles Destroyed 7 | . . 5 2 Guns 4 | . . 4 . Cannons 2 | . . . 2 AOE 1 | . . 1 . Classes Destroyed 6 | 2 . 2 2 Tunneler 3 | 3 . . . Recycler 1 | 1 . . . Swarmer 3 | . . 3 . Grunt 2 | . . 2 . Subdweller 2 | . . . 2 Scientist 1 | . . . 1 Best Kill Streak 3 | 2 . 3 1 Combat Bots Only 3 | . . 3 1 Max Kills in Single Turn 2 | 1 . 2 1 Gunslinging 1 | . . 1 . Exploded 1 | . . 1 . Melee . | . . . . Uniques/NPCs Destroyed . | . . . . Combat | -11 -10 -10 -10 -------- Run | Yrd Mat Min Sub Hostile Shots Fired 34 | . 8 9 17 Missed 11 | . 2 3 6 Hits 23 | . 6 6 11 Projectile 23 | . 6 6 11 AOE 3 | . . . 3 Critical Strikes 1 | . . . 1 Damage Taken 568 | . 108 110 350 Core 257 | . 33 42 182 Absorbed by Shields . | . . . . Core Remaining (%) 100 | 100 . . . Volleys Fired 40 | 6 4 6 24 Largest 2 | 2 2 2 2 Hottest 103 | 80 80 80 103 Shots Fired 80 | 12 8 12 48 Gun 56 | 12 8 12 24 Cannon 24 | . . . 24 Launcher . | . . . . Special . | . . . . Kinetic . | . . . . Thermal . | . . . . Explosive . | . . . . Electromagnetic 80 | 12 8 12 48 Robot Hit Streak 9 | 7 1 4 9 Robot Miss Streak 4 | 1 2 4 3 Penetration Max . | . . . . Secondary Targets 1 | . . 1 . Max Gunslinging Chain 1 | . . 1 . Shots Hit Robots 46 | 8 3 8 27 Core Hits 15 | 4 . 6 5 Critical Kills . | . . . . Critical Parts Destroyed . | . . . . Critical Strikes . | . . . . Melee Attacks . | . . . . Impact . | . . . . Slashing . | . . . . Piercing . | . . . . Sneak Attacks . | . . . . Combat Hostiles . | . . . . Follow-up Attacks . | . . . . Damage Inflicted 858 | 106 94 216 442 Guns 395 | 106 68 103 118 Cannons 289 | . . . 289 Explosions 174 | . 26 113 35 Melee . | . . . . Ramming . | . . . . Kinetic . | . . . . Thermal 174 | . 26 113 35 Explosive . | . . . . Electromagnetic 684 | 106 68 103 407 Impact . | . . . . Slashing . | . . . . Piercing . | . . . . Highest Corruption . | . . . . Average Corruption . | . . . . Corruption Purged . | . . . . Corruption Blocked . | . . . . Overload Shots . | . . . . Overflow Damage 3 | . 3 . . Projectiles . | . . . . Explosions 3 | . 3 . . Melee . | . . . . Knockbacks . | . . . . Impact . | . . . . Kinetic . | . . . . Secondary . | . . . . Self-Inflicted Damage 73 | . . 43 30 Shots 2 | . . 1 1 Rammed . | . . . . Targets Rammed . | . . . . Kicked . | . . . . Crushed . | . . . . Highest Temperature 93 | 18 81 93 8 Average Temperature 26 | 5 39 40 3 Received Heat Transfer 120 | . 45 27 48 Siege Activations . | . . . . Martial Activations . | . . . . Shielding Activations . | . . . . Robots Disrupted . | . . . . Combat Hostiles . | . . . . Robots Corrupted . | . . . . Combat Hostiles . | . . . . Parts Fried 4 | . . . 4 Impact Corruptions . | . . . . Robots Melted . | . . . . Combat Hostiles . | . . . . Parts Melted . | . . . . Heat Transferred 150 | . 50 50 50 Parts Sabotaged . | . . . . Parts Stolen . | . . . . Parts Stripped . | . . . . Power Chain Reactions 3 | . 1 1 1 Alert | -11 -10 -10 -10 ------- Run | Yrd Mat Min Sub Maximum Alert Level . | . . . . Low Security (%) 100 | 100 100 100 . Level 1 . | . . . . Level 2 . | . . . . Level 3 . | . . . . Level 4 . | . . . . Level 5 . | . . . . High Security . | . . . . Max Security . | . . . . Peak Influence 132 | 10 4 132 . Initial . | . . . . Average 24 | 1 . 32 . Influence Increases 166 | 20 4 142 . Destroy 0b10 Robot/C 100 | . . 100 . Destroy 0b10 Robot/NC 20 | 20 . . . Destroy Leader 20 | . . 20 . Disable Machine 15 | . . 15 . Destroy Structure 11 | . 4 7 . Influence Decreases 166 | 20 4 142 . Time Decay 166 | 20 4 142 . Squads Dispatched 1 | . . 1 . Investigation 1 | . . 1 . Extermination . | . . . . Reinforcement . | . . . . Assault . | . . . . Garrison . | . . . . Intercept . | . . . . Searches Triggered . | . . . . Construction Impeded . | . . . . Haulers Reinforced . | . . . . Active Scanning Responses . | . . . . Cargo Convoy Interrupts . | . . . . Stealth | -11 -10 -10 -10 --------- Run | Yrd Mat Min Sub Distress Signals 1 | . 1 . . Communications Jammed . | . . . . Distress Signals . | . . . . Times Spotted 16 | . 3 5 8 Peak Tracking Total 3 | . 3 3 3 Tactical Retreats 2 | . . . 2 Traps | -11 -10 -10 -10 ------- Run | Yrd Mat Min Sub Traps Triggered 1 | . 1 . . Indirectly . | . . . . Trap Hack Attempts . | . . . . Triggered . | . . . . Disarmed . | . . . . Reprogrammed . | . . . . Reused . | . . . . Traps Extracted . | . . . . Installed . | . . . . Triggered . | . . . . Machines | -11 -10 -10 -10 ---------- Run | Yrd Mat Min Sub Machines Disabled 1 | . . 1 . Max in Single Turn 1 | . . 1 . Machines Repaired . | . . . . Machines Dismantled . | . . . . Machines Sabotaged . | . . . . Overloaded Fab Kills . | . . . . Hacking | -11 -10 -10 -10 --------- Run | Yrd Mat Min Sub Machines Accessed 1 | . . 1 . Terminals . | . . . . Fabricators . | . . . . Repair Stations . | . . . . Recycling Units . | . . . . Scanalyzers . | . . . . Garrison Access . | . . . . Total Hacks 1 | . . 1 . Successful 1 | . . 1 . Failed . | . . . . Catastrophic . | . . . . Database Lockouts . | . . . . Manual . | . . . . Terminals . | . . . . Fabricators . | . . . . Repair Stations . | . . . . Recycling Units . | . . . . Scanalyzers . | . . . . Garrison Access . | . . . . Terminal Hacks 1 | . . 1 . Open Door 1 | . . 1 . Fabricator Hacks . | . . . . Repair Station Hacks . | . . . . Recycling Unit Hacks . | . . . . Scanalyzer . | . . . . Garrison Access Hacks . | . . . . Unauthorized Hacks . | . . . . Terminals . | . . . . Fabricators . | . . . . Repair Stations . | . . . . Recycling Units . | . . . . Scanalyzers . | . . . . Garrison Access . | . . . . Data Cores Recovered . | . . . . Used . | . . . . Hacking Detections . | . . . . Full Trace Events . | . . . . Feedback Events . | . . . . Feedback Blocked . | . . . . Robot Schematics Acquired . | . . . . Robots Built . | . . . . Authchips . | . . . . Time . | . . . . Total Robot Build Rating . | . . . . Part Schematics Acquired . | . . . . Parts Built . | . . . . Authchips . | . . . . Time . | . . . . Total Part Build Rating . | . . . . Part Studies Acquired . | . . . . Parts Repaired . | . . . . Time . | . . . . Parts Recycled . | . . . . Recycled Matter . | . . . . Retrieved Matter . | . . . . Retrieved Components . | . . . . Parts Scanalyzed . | . . . . Part Schematics Acquired . | . . . . Parts Damaged . | . . . . Bothacking | -11 -10 -10 -10 ------------ Run | Yrd Mat Min Sub Used RIF Installer . | . . . . Robots Hacked . | . . . . Non-combat . | . . . . Combat . | . . . . Robot Hacks Applied . | . . . . Relay Couplers Released . | . . . . Fabnet Peak Effective % . | . . . . Robots Rewired . | . . . . Allies Hacked . | . . . . Hacks Repelled . | . . . . Allies | -11 -10 -10 -10 -------- Run | Yrd Mat Min Sub Total Allies . | . . . . Largest Group . | . . . . Highest-Rated Group . | . . . . Highest-Rated Ally . | . . . . Total Orders . | . . . . Ally Attacks . | . . . . Total Damage . | . . . . Kills . | . . . . Allies Corrupted . | . . . . Allies Melted . | . . . . Intel | -11 -10 -10 -10 ------- Run | Yrd Mat Min Sub Active Infowar (turns) 1161 | 43 60 583 475 Seismic 1161 | 43 60 583 475 Robot Analysis Total . | . . . . Derelict Logs Recovered . | . . . . Drone Launches . | . . . . Drone Recoveries . | . . . . Exploration | -11 -10 -10 -10 ------------- Run | Yrd Mat Min Sub Turns Passed 1306 | 149 60 583 514 Spaces Moved 619 | 100 41 190 288 Core 40 | 22 . . 18 Treads . | . . . . Legs 579 | 78 41 190 270 Wheels . | . . . . Hover . | . . . . Flight . | . . . . Fastest Speed 50 | 50 120 120 50 Average Speed 116 | 104 120 120 116 Slowest Speed 120 | 120 120 120 120 Overloaded Moves . | . . . . Propulsion Burnouts . | . . . . Robots Hopped . | . . . . Potential Cave-ins . | . . . . Cave-ins Triggered . | . . . . Exploration Rate (%) 17 | 4 17 34 15 Regions Visited 3 Branch Regions 2 Pre-discovered Areas . | . . . . Known Exits Taken . | . . . . Unknown Exits Taken 3 | 1 1 1 . Scrap Searched . | . . . . Spaces Dug . | . . . . Terrain Destroyed 12 | . 3 7 2 Melee . | . . . . Projectile . | . . . . AOE 12 | . 3 7 2 Terrain Rammed . | . . . . Walls Destroyed . | . . . . Machines Disabled . | . . . . Actions | -11 -10 -10 -10 --------- Run | Yrd Mat Min Sub Total 1129 | 132 44 532 421 Wait 435 | 12 . 330 93 Move 616 | 99 40 189 288 Hop . | . . . . Pick Up 16 | 8 . 3 5 Fast Attach . | . . . . Attach 13 | 7 . 1 5 Detach 2 | . . 1 1 Swap 2 | . . 2 . Drop 5 | . . . 5 Fire 40 | 6 4 6 24 Melee . | . . . . Ram . | . . . . Kick . | . . . . Crush . | . . . . Escape Stasis . | . . . . Rewire . | . . . . Trap . | . . . . Miscellaneous . | . . . . Route ------- -11/Scrapyard -10/Materials -10/Mines (discovered 3 exits: [*Mat x2] / [*Sub]) -10/Subcaves History --------- Turn | Location | Event 11 | -11/Scrapyard | Discovered new exit (range 16) 150 | -11/Scrapyard | Entered Materials 179 | -10/Materials | Discovered new exit (range 15) 210 | -10/Materials | Entered Mines 222 | -10/Mines | Discovered new exit (range 5) 237 | -10/Mines | Discovered new exit (range 8) 313 | -10/Mines | Build established: Mutant 713 | -10/Mines | Met a Derelict shopkeep closing up shop 790 | -10/Mines | Discovered new exit (range 3) 793 | -10/Mines | Entered Subcaves 794 | -10/Subcaves | Approached by a straggling Scientist 1035 | -10/Subcaves | Core integrity fell below 50% 1299 | -10/Subcaves | Core integrity fell below 20% 1307 | -10/Subcaves | Destroyed by FU-5BR(R) with Subdweller Shrapnel Launcher Last Messages --------------- Machine Analyzer. 00956_ Acquired Aluminum Leg. 00961_ Acquired Sml. Storage Unit. 00966_ Subatomizers dissect the Corrupted Machine Analyzer. 00979_ UY-CSD(u) builds Twisted Machinery. 00992_ Destroyed Lgt. Ion Engine. 01040_ SW-F1V(R) misfires. 01073_ Sub. Power Source fried. 01073_ Sub. Laser fried. 01073_ Sub. Monowheel fried. 01073_ SW-F1V(R) destroyed. 01106_ Acquired 50 matter. 01296_ 61-BD4(R) destroyed. 01298_ Z8-J1B(R): "WEHOME!" 01300_ Aluminum Leg destroyed. 01304_ Subatomizers dissect the Corrupted Sub. Power Source. 01306_ FU-5BR(R) affixes Scrap Shield Fragment to Scrap Shield. Map ----- +----------------------------------------------------+ | ?????????????????????????????????????????????????? | | ?????????????????????????????????????????????????? | | ?????????????????????????????????????????????????? | | ?????????????????????????????????????????????????? | | ??????????????????????????????????????####???????? | | ??????????????????????????????###?##### #???????? | | ????????????????????????##???## ### #???????? | | ???????????????????????## ??## #???????? | | ???????????????????????# ??# ##??????? | | ???????????????????##### ??# ##?????? | | ???????????????????# ??# ###???? | | ???????????????????# ### #### #???? | | ???????????????????# ##??# ##???? | | ???????????????????# #???# #####? | | ???????????????????# ##???#### ### ## | | ???????????????????## &R ##???????# ## | | ????????????????###?# ##!% ##????????## | | ####???????????## ### ##[* #??????????## | | # ##??????????# R##???????????## | | ###????????# ##?????????????##### | | #????????## ###????????????????## | | #??????#### ;#??????????????????## | | #????### ## ;##??????????????????? | | ##??## ; #??????????????????? | | #?## ;######?????????????? | | ### @ ## #?????????????? | | ###???????????? | | #???????????? | | ### # ####???????????? | | #?## ## #####??????????????? | | #?# ### ;; ;###????????????????? | | ### #?# #####; #????????????????? | | #?### ### #??# #????????????????? | | #??# ### ## ;; ; ##????????????????? | | ###??# ##?## ## ;;;;;;##?????????????????? | | ####????## ##???## ######### ##??????????????????? | | ??????????##??????##????????##???????????????????? | | ?????????????????????????????????????????????????? | | ?????????????????????????????????????????????????? | | ?????????????????????????????????????????????????? | | ?????????????????????????????????????????????????? | | ?????????????????????????????????????????????????? | | ?????????????????????????????????????????????????? | | ?????????????????????????????????????????????????? | | ?????????????????????????????????????????????????? | | ?????????????????????????????????????????????????? | | ?????????????????????????????????????????????????? | | ?????????????????????????????????????????????????? | | ?????????????????????????????????????????????????? | | ?????????????????????????????????????????????????? | +----------------------------------------------------+ Best States ------------- Heat Dissipation 25 Energy Generation 14 Energy Capacity 240 Matter Stores 300 Matter Capacity 300 Sight Range 16 Terrain Scan Density 10 Additional Mass Support 9 Evasion (%) 55 Item Schematics ----------------- None Robot Schematics ------------------ None Fabricated ------------ Nothing Repaired ---------- Nothing Studied --------- None Alien Tech Used ----------------- None Achievements -------------- None Challenges ------------ None Game ------ Seed ImpactGravmagFlightbrick Manual? 0 Play Time 00:09:51 Cumulative 27.7 hours Start 2026.04.08 @ 20:32:21 End 2026.04.08 @ 20:39:01 Sessions 1 Manual Loads 0 Difficulty Rogue Special Mode None Game No. 75 Rogue 75 Adventurer 0 Explorer 0 Win Type - Total 1 Types 1/0/0/0/0/0/0/0/0/0 Lore% 37 Gallery% 29 Achievement% 24 Wizard Run 0 Options --------- Layout 1 ASCII 0 Keyboard 0 Movement Numpad Keybinds 0 Fullscreen 2 Font 24/Terminus Map View 50x35 Zoom Use 0% Tactical HUD 1 Map Filters NONE Filters NONE Steam 1 RUN: 7b055554-1424-452e-b35d-69831370eb46